cohdb
Replays
Latest Replays
All Replays
Popular Replays
Top Player Replays
Match Explorer
How It Works
Community
CoH3 Stats
Reddit
Sign in to upload your games and track your stats! →
Sign in with Steam
Match 42277796
Unlisted
Match 42277796
Overview
Messages
Build Orders
End
Kettenkrad Recon Vehicle
Construct Infanterie Kompanie
Selects Terror Battlegroup
Selects Machine Gun Camouflage
MG 42 Machine Gun Team
MG 42 Machine Gun Team
Grenadier Squad
Construct Panzergrenadier Kompanie
Selects Interrogate
Medical Bunker
Forward Retreat Point
Construct Luftwaffe Kompanie
221 Scout Car
Flak 30 Anti-aircraft Gun Team
Support Elements
Marder III M Tank Destroyer
MG 42 Bunker
251 Medium Carrier
Selects Defend the Fatherland
Marder III M Tank Destroyer
221 Scout Car
Selects Jericho Trumpet
Nebelwerfer 42 Rocket Launcher Team
Nebelwerfer 42 Rocket Launcher Team
Construct Panzer Kompanie
돈이사라지는마술
Voodoo408
GodVvz
XXxxxGxxxXX
Masang
KeineZeit
Kitty
nob talk too much
0
0
Comments
sign in to comment!
No comments posted yet!